 Dungeon Crawl Stone Soup version 0.31-a0-167-g1c394c0614 (webtiles) character file.

Game seed: 9742747399622151410

96 qw the Chopper (level 4, -9/28 HPs)
             Began as a Gargoyle Fighter on June 14, 2023.
             Killed by divine providence
             ... invoked by an orc priest
              (15 damage)
             ... on level 3 of the Dungeon.
             The game lasted 00:01:00 (2195 turns).

qw the Chopper (Gargoyle Fighter)                   Turns: 2195, Time: 00:01:01

Health: -9/28      AC: 13    Str: 22    XL:     4   Next: 67%
Magic:  4/4        EV:  9    Int:  8    God:
Gold:   128        SH:  4    Dex:  9    Spells: 3/3 levels left

rFire   . . .        Y - +2 war axe
rCold   . . .        c - +0 buckler
rNeg    + . .        b - +0 scale mail
rPois   inf          j - +1 helmet
rElec   +            (no cloak)
rCorr   .            f - +0 pair of gloves
SInv    .            (no boots)
Will    .....        (no amulet) Stlth
                     (no ring)
HPRegen 0.24/turn    (no ring)
MPRegen 0.09/turn

%: no passive effects
@: about to teleport
A: sickness immunity, AC +3, negative energy resistance 1, electricity
resistance, torment resistance 1, petrification resistance
a: no special abilities


You were on level 3 of the Dungeon.
You visited 1 branch of the dungeon, and saw 3 of its levels.

You collected 128 gold pieces.


Innate Abilities, Weirdness & Mutations

You are immune to sickness and miasma.
Your stone body is resilient. (AC +3)
You are immune to poison.
You resist negative energy. (rN+)
You are resistant to electric shocks. (rElec)
You are resistant to unholy torment.
You are immune to petrification.


   Skills:
 - Level 3.2 Fighting
 + Level 4.1 Axes
 - Level 1.0 Throwing
 - Level 3.2 Armour
 - Level 3.2 Shields


You had 3 spell levels left.
You didn't know any spells.
Your spell library was empty.

Inventory:

Hand Weapons
 n - a +0 flail
 Y - a +2 war axe (weapon)
Missiles
 h - 3 javelins (quivered)
Armour
 b - a +0 scale mail (worn)
 c - a +0 buckler (worn)
 f - a +0 pair of gloves (worn)
 g - a +2 cloak
 j - a +1 helmet (worn)
Scrolls
 m - a scroll of noise {unknown}
Potions
 a - 3 potions of attraction {unknown}
 d - a potion of might
 i - a potion of invisibility {unknown}
 k - a potion of resistance {unknown}
 l - 2 potions of curing {unknown}
 o - a potion of enlightenment {unknown}

Dungeon Overview and Level Annotations

Branches:
Dungeon (3/15)

Altars:
Dithmenos
Ru


Message History

The orc priest begins to cast a cantrip, but forgets the words!
The orc hits you but does no damage. The orc barely misses you.
You barely miss the orc.
The orc is heavily wounded.
You block the orc's attack.
You hit the orc.
The orc is severely wounded.
The orc hits you but does no damage.
You hit the orc.
You kill the orc!
Something hits you.
You miss something. Something hits you but does no damage.
You hit something but do no damage. Something hits you but does no damage.
Something hits you.
You miss something. Something hits you but does no damage.
The orc priest miscasts a cantrip.
You closely miss something. Something hits you but does no damage.
You barely miss something.
You hear some strange, mumbled words.
Something tries to affect you, but you resist.
The orc priest mumbles some strange prayers to Beogh against you.
Beogh smites you! Something completely misses you.
2193 ||| READING scroll of teleportation.
As you read the scroll of teleportation, it crumbles to dust.
You feel strangely unstable. Something hits you but does no damage.
The orc priest mumbles some strange prayers to Beogh against you.
Something writhes in agony!
You barely miss something. Something hits you but does no damage.
You hit something.
Reactivating autopickup.
You feel a bit more experienced.
The orc priest mumbles some strange prayers to Beogh against you.
Beogh smites you!
Ouch! That really hurt!
You die...

##'##..... #.###...#
#.##..... ##.##.....
# ####...#..... #.
##....).##...# ##.#
#........##_##
#.(.#####).......####
#...o@.[........##
#..o######...#..#
#### #.###..#
#.###..# #......#
#### #####.####...
#......##
####.#%#..##
#...........


You could see an orc priest and an orc.

Vanquished Creatures
  An orc wizard (D:3)
  4 adders
  3 worms
  A dart slug (D:1)
  2 orcs (D:3)
  5 ball pythons
  4 bats
  5 endoplasms
  3 giant cockroaches (D:2)
  2 hobgoblins (D:1)
  A quokka (D:3)
  3 frilled lizards (D:1)
  8 goblins
  A kobold (D:1)
  5 rats
48 creatures vanquished.

Notes
Turn   | Place    | Note
-------+----------+-------------------------------------------
     0 | D:1      | qw the Gargoyle Fighter began the quest for the Orb.
     0 | D:1      | Reached XP level 1. HP: 14/14 MP: 1/1
     0 | D:1      | 0 ||| qw: Version: 0.2-a-29-g1fa15c8
     0 | D:1      | 0 ||| qw: Game counter: 5101
     0 | D:1      | 0 ||| qw: Always use a shield: true
     0 | D:1      | 0 ||| qw: God list: Okawaru
     0 | D:1      | 0 ||| qw: Allow faded altars: false
     0 | D:1      | 0 ||| qw: Do Orc after D:15 true
     0 | D:1      | 0 ||| qw: Do second Lair branch before Depths: true
     0 | D:1      | 0 ||| qw: Lair rune preference: random
     0 | D:1      | 0 ||| qw: Plans: Normal, Zot:1-4, Slime:5, God:TSO, Crypt,
                  | Tomb, Abyss, Pan, Hells, Win
     0 | D:1      | 0 ||| PLANNING D:1-11
    62 | D:1      | Reached skill level 2 in Axes
   247 | D:1      | Reached XP level 2. HP: 11/19 MP: 2/2
   254 | D:1      | 254 ||| FLEEEEING.
   255 | D:1      | 255 ||| FLEEEEING.
   288 | D:1      | 288 ||| DROPPING +0 club.
   381 | D:1      | 381 ||| Stepping ~*~*~tactically~*~*~ (hiding).
   430 | D:1      | 430 ||| Stepping ~*~*~tactically~*~*~ (stealth).
   431 | D:1      | 431 ||| Stepping ~*~*~tactically~*~*~ (stealth).
   432 | D:1      | 432 ||| Stepping ~*~*~tactically~*~*~ (stealth).
   814 | D:1      | Reached skill level 3 in Axes
   979 | D:1      | 979 ||| UPGRADING to +0 pair of gloves.
   984 | D:1      | 984 ||| UPGRADING to +1 helmet.
   989 | D:1      | 989 ||| READING scroll labelled GUEPSIC GUWADU.
   990 | D:1      | 990 ||| READING scroll labelled REHOUL CAUXANEN.
   991 | D:1      | 991 ||| READING scroll labelled LEFRUX CUET.
  1071 | D:2      | Reached XP level 3. HP: 23/23 MP: 3/3
  1414 | D:2      | Found a sacrificial altar of Ru.
  1800 | D:2      | 1800 ||| READING scroll labelled LYVIBI MIETT.
  1801 | D:2      | 1801 ||| READING 2 scrolls labelled NEOQENEQUE.
  1805 | D:2      | 1805 ||| READING scroll labelled RETIRI PYCZANT.
  1806 | D:2      | 1806 ||| READING 2 scrolls labelled TEMAIFFODUZ.
  1807 | D:2      | 1807 ||| DROPPING scroll of revelation.
  1848 | D:3      | 1848 ||| READING scroll of enchant weapon.
  1848 | D:3      | 1848 ||| ENCHANTING +1 war axe.
  1910 | D:3      | Reached XP level 4. HP: 28/28 MP: 4/4
  1943 | D:3      | Found a shadowy altar of Dithmenos.
  1969 | D:3      | Reached skill level 1 in Throwing
  1976 | D:3      | 1976 ||| DROPPING +0 whip.
  2039 | D:3      | Reached skill level 4 in Axes
  2168 | D:3      | 2168 ||| Stepping ~*~*~tactically~*~*~ (stealth).
  2192 | D:3      | HP: 5/28 [orc priest/divine providence (12)]
  2193 | D:3      | 2193 ||| READING scroll of teleportation.
  2195 | D:3      | Killed from afar by an orc priest

Levels and vault maps discovered:
D:1:      minmay_arrival_plants_in_alcoves, layout_loops_corners
D:2:      layout_basic, basic_altar, serial_glass, glass_columns_c,
          glass_columns_c
D:3:      layout_loops_corners, marbit_many_paths, ebering_ecumenical_altar_box,
          nicolae_wormholes, uniq_crazy_yiuf_cottage

Skill      XL: |  1  2  3  4 |
---------------+-------------+-----
Axes           | 2 3 4 |  4.1
Throwing       | 1 |  1.0
Fighting       | |  3.2
Armour         | |  3.2
Shields        | |  3.2

Action                     |  1- 3 |  4- 6 || total
---------------------------+-------+-------++-------
  Melee: War axe           |    96 |    40 ||   136
  Throw: Javelin           |     5 |    14 ||    19
    Use: Scroll            |     8 |     1 ||     9
 Armour: Scale mail        |    40 |    26 ||    66
  Dodge: Dodged            |    43 |    13 ||    56
  Block: Buckler           |    10 |     7 ||    17

Table legend:
 A = Non-vault XP
 B = Vault XP
 C = Vault XP percentage of total XP
 D = Non-vault monster count
 E = Vault monster count
 F = Vault count percentage of total count
                 A         B        C        D         E       F
            +---------+---------+-------+---------+---------+-------
      Total |     122 |      23 |  15.9 |      45 |       3 |   6.2
            +---------+---------+-------+---------+---------+-------
        D:1 |      30 |       0 |   0.0 |      18 |       0 |   0.0
        D:2 |      41 |       0 |   0.0 |      15 |       0 |   0.0
        D:3 |      51 |      23 |  31.1 |      12 |       3 |  20.0
            +---------+---------+-------+---------+---------+-------
